AoeStats
← [CL] Al3jandr0.magn00

Arabia

506250651Analyzed
1v1 RM · 18d ago on Sep 12, 2026· 56m 9s· 2 players
Game mode
Random Map
Map size
Tiny (2 player)
Population
200
Speed
Normal
Resources
Standard
Victory
Conquest
Starting age
Dark Age
Ending age
Imperial Age
RankedLock teamsTeams togetherTeam positionsShared explorationLock speedFull tech treeHidden civsTurbo modeCheats
Victory
Defeat
🇩🇪 Franks · Germany
1883
+13
🇦🇷 Inca · Argentina
1809
-13
[CL] Al3jandr0.magn00
6:11 Loom
8:50 Feudal Age
10:03 Town Watch
10:07 Double-Bit Axe
20:58 Castle Age
19:36 Fletching
20:07 Forging
20:21 Scale Mail Armor
20:16 Horse Collar
21:04 Pikeman
22:29 Squires
23:35 Bow Saw
27:41 Champi Runner
30:29 Wheelbarrow
33:31 Gold Mining
36:40 Imperial Age
34:37 Champi Warrior
35:22 Crossbowman
36:19 Heavy Plow
37:42 Ballistics
37:25 Bodkin Arrow
38:03 Chain Mail Armor
38:11 Hand Cart
37:36 Arbalester
38:35 Chain Mail Armor
38:28 Bracer
39:36 Chemistry
40:21 Plate Mail Armor
40:30 Iron Casting
41:17 Fabric Shields
42:37 Crop Rotation
41:59 Stone Mining
42:11 Elite Champi Warrior
43:55 Conscription
48:11 Blast Furnace
48:57 Hoardings
53:43 Elite Skirmisher
54:24 Padded Archer Armor
53:46 Halberdier
GodOfTheGodless
9:39 Feudal Age
10:41 Double-Bit Axe
14:23 Loom
16:17 Wheelbarrow
19:14 Castle Age
19:08 Gold Mining
19:44 Scale Barding Armor
20:26 Bow Saw
25:38 Hand Cart
26:54 Husbandry
30:02 Fletching
35:41 Imperial Age
34:43 Scale Mail Armor
35:21 Town Watch
36:47 Gold Shaft Mining
36:02 Stone Mining
36:47 Forging
38:06 Conscription
38:03 Chain Mail Armor
37:40 Onager
38:48 Squires
39:46 #83
39:30 Elite Throwing Axeman
42:00 Hoardings
41:58 Plate Mail Armor
41:38 Careening
42:29 Chemistry
42:56 Careening
43:23 Iron Casting
44:05 Siege Engineers
45:44 Ballistics
45:35 Masonry
51:46 Blast Furnace
50:44 Bodkin Arrow
51:22 Architecture
54:35 Town Patrol
55:28 Chain Barding Armor
54:30 Light Cavalry
55:11 Husbandry
Connection lost

Rejoining the realm…

Still unreachable

The connection could not be restored.

Session expired

The server has moved on; the page needs a fresh start.